 Dungeon Crawl Stone Soup version 0.18.1-50-g88ac8fd (webtiles) character file.

289 Nordron the Firebug (level 6, -2/34 HPs)
             Began as a Gargoyle Fire Elementalist on Sept 23, 2016.
             Was an Initiate of Vehumet.
             Killed from afar by Blork the orc (6 damage)
             ... with a puff of flame
             ... on level 4 of the Dungeon.
             The game lasted 00:21:20 (2989 turns).

Nordron the Firebug (Gargoyle Fire Elementalist)    Turns: 2989, Time: 00:21:20

Health: -2/34      AC:  9    Str: 12    XL:     6   Next: 31%
Magic:  3/10       EV: 13    Int: 17    God:    Vehumet [......]
Gold:   260        SH:  0    Dex: 10    Spells: 3 memorised, 3 levels left

rFire  . . .     SeeInvis .     i - +1 whip
rCold  . . .     Gourm    .     k - +1 leather armour
rNeg   + . .     Faith    .     (no shield)
rPois  ∞         Spirit   .     (no helmet)
rElec  +         Dismiss  .     j - +0 cloak
rCorr  .         Reflect  .     (no gloves)
SustAt .         Harm     .     (no boots)
MR     .....                    (no amulet)
Stlth  ++........               x - ring of wizardry
                                l - +2 ring of evasion

@: not resistant to hostile enchantments, unstealthy
A: negative energy resistance 1, electricity resistance, unbreathing,
petrification resistance, rot immunity, AC +4
a: Renounce Religion


You were on level 4 of the Dungeon.
You worshipped Vehumet.
Vehumet was noncommittal.
You were not hungry.

You visited 2 branches of the dungeon, and saw 5 of its levels.

You collected 260 gold pieces.

Inventory:

Hand Weapons
 i - a +1 whip (weapon)
Armour
 j - a +0 cloak (worn)
 k - a +1 leather armour (worn)
Jewellery
 l - a +2 ring of evasion (left hand)
 s - a cursed ring of resist corrosion
 x - a ring of wizardry (right hand)
Scrolls
 f - a scroll of enchant armour
 h - a scroll of identify
 m - a scroll of amnesia
 o - a scroll of remove curse
 p - 2 scrolls of fear
Potions
 e - a potion of agility {unknown}
 g - 2 potions of magic
 n - a potion of might {unknown}
 r - 2 potions of invisibility
 t - a potion of heal wounds
 u - a potion of ambrosia {unknown}
 v - a potion of resistance
 z - a potion of degeneration {unknown}
Books
 b - a book of Flames

   Spells                             Type                      Level
   a - Flame Tongue                   Conjuration/Fire             1
   b - Throw Flame                    Conjuration/Fire             2
   c - Conjure Flame                  Conjuration/Fire             3
   d - Inner Flame                    Hexes/Fire                   3
   e - Sticky Flame                   Conjuration/Fire             4
   f - Fireball                       Conjuration/Fire             5
 w - a book of the Tempests

   Spells                             Type                      Level
   a - Static Discharge               Conjuration/Air              3
   b - Lightning Bolt                 Conjuration/Air              5
   c - Fireball                       Conjuration/Fire             5
   d - Tornado                        Air                          9
   e - Shatter                        Earth                        9
Comestibles
 c - 2 bread rations
 q - a royal jelly


   Skills:
 + Level 1.2 Fighting
 + Level 1.8 Armour
 - Level 1.6 Dodging
 - Level 2.4 Stealth
 + Level 3.3 Spellcasting
 + Level 2.9 Conjurations
 * Level 4.8 Fire Magic


You had 3 spell levels left.
You knew the following spells:

 Your Spells              Type           Power        Failure   Level  Hunger
a - Flame Tongue          Conj/Fire      ###..        2%          1    None
b - Conjure Flame         Conj/Fire      ###.....     6%          3    ###....
c - Sticky Flame          Conj/Fire      ###.....     21%         4    ####...


Dungeon Overview and Level Annotations

Branches:
Dungeon (4/15)             Temple (1/1) D:4

Altars:
Ashenzari
Cheibriados
Dithmenos
Elyvilon
Fedhas
Gozag
Kikubaaqudgha
Makhleb
Nemelex Xobeh
Okawaru
Pakellas
Qazlal
Ru
Sif Muna
Trog
Vehumet
Xom
Zin

Annotations:
D:4 Blork the orc


Innate Abilities, Weirdness & Mutations

You are resistant to torment.
Your stone body is resilient (AC +4).
You are immune to poison.
You resist negative energy.
You are resistant to electric shocks.
You can survive without breathing.
You are immune to petrification.
You are immune to rotting.


Message History

Confirm with . or Enter, or press ? or * to list all spells.
You can't see any susceptible monsters within range! (Use Z to cast anyway.)
Casting: Flame Tongue
Confirm with . or Enter, or press ? or * to list all spells.
You can't see any susceptible monsters within range! (Use Z to cast anyway.)
Casting: Flame Tongue
Confirm with . or Enter, or press ? or * to list all spells.
Aiming: Conjure Flame
Press: ? - help, Dir - move target cursor The fire roars!
You hear a zap.
A puff of flame appears from out of thin air!
The puff of flame hits you!
You hear a zap.
A puff of flame appears from out of thin air!
The puff of flame hits you!
* * * LOW HITPOINT WARNING * * *
A puff of flame appears from out of thin air!
The puff of flame hits you!
You die...

....# #..####.........
#..###...##.........#
#...#...............
##.................. ..
##................... ..#
#..#.#.#.#.#........<
...#..#...................
#... #.#.......#.........
...##..@................ #
#.#.#...>...#.........
#..(..............##.
#.{#.......#.....####
#[..§........#.#.# #
##.#.#.#.#.#.#..##
#...........##.#
.....#..######.#
........## #.


There were no monsters in sight!

Vanquished Creatures
  A hungry ghost (D:3)
  2 worker ants (D:4)
  3 adders (D:2)
  An ooze (D:3)
  3 worms
  A dart slug (D:2)
  4 giant geckos (D:1)
  An orc (D:3)
  A ball python (D:2)
  4 giant cockroaches (D:2)
  7 goblins
  8 hobgoblins
  5 jackals
  A quokka (D:3)
  7 bats
  2 giant newts
  7 kobolds
  8 rats
  A fungus (D:1)
67 creatures vanquished.

Notes
Turn   | Place    | Note
--------------------------------------------------------------
     0 | D:1      | Nordron the Gargoyle Fire Elementalist began the quest for the Orb.
     0 | D:1      | Reached XP level 1. HP: 10/10 MP: 3/3
     2 | D:1      | Noticed a tengu
     2 | D:1      | Noticed a gargoyle
     4 | D:1      | Noticed a vine stalker
     4 | D:1      | Noticed a troll
     6 | D:1      | Noticed a vampire
     6 | D:1      | Noticed a minotaur
     8 | D:1      | Noticed an octopode
    10 | D:1      | Noticed a dwarf
    10 | D:1      | Noticed a ghoul
    12 | D:1      | Noticed a demonspawn
    12 | D:1      | Noticed a naga
    14 | D:1      | Noticed an elf
    14 | D:1      | Noticed a merfolk
    16 | D:1      | Noticed a centaur
    16 | D:1      | Noticed a demigod
    18 | D:1      | Noticed a formicid
    20 | D:1      | Noticed a draconian
    20 | D:1      | Noticed a halfling
    22 | D:1      | Noticed a felid
    24 | D:1      | Noticed a human
    26 | D:1      | Noticed an ogre
    26 | D:1      | Noticed a spriggan
   194 | D:1      | Reached XP level 2. HP: 15/15 MP: 1/5
   647 | D:1      | Reached XP level 3. HP: 19/19 MP: 2/6
   652 | D:1      | Learned a level 3 spell: Conjure Flame
  1000 | D:2      | Found a blossoming altar of Fedhas.
  1003 | D:2      | Found an ancient bone altar of Kikubaaqudgha.
  1010 | D:2      | Found a white marble altar of Elyvilon.
  1367 | D:2      | Reached XP level 4. HP: 24/24 MP: 0/7
  1487 | D:2      | Reached skill level 4 in Fire Magic
  1940 | D:3      | Learned a level 4 spell: Sticky Flame
  2179 | D:3      | Noticed a hungry ghost
  2247 | D:3      | Killed a hungry ghost
  2247 | D:3      | Reached skill level 1 in Fighting
  2247 | D:3      | Reached skill level 1 in Armour
  2247 | D:3      | Reached XP level 5. HP: 7/29 MP: 0/9
  2247 | D:3      | Reached XP level 6. HP: 8/34 MP: 0/10
  2372 | D:3      | Found a stormy altar of Qazlal.
  2674 | D:4      | Found a staircase to the Ecumenical Temple.
  2706 | D:4      | Noticed Blork the orc
  2756 | Temple   | Entered the Ecumenical Temple
  2785 | Temple   | Became a worshipper of Vehumet
  2989 | D:4      | Killed from afar by Blork the orc

Skill      XL: |  1  2  3  4 |
---------------+-------------+-----
Fire Magic     | 4 |  4.8
Conjurations   | 2 |  2.9
Fighting       | 1 |  1.2
Armour         | 1 |  1.8
Spellcasting   | 3 |  3.3
Dodging        | |  1.6
Stealth        | |  2.4

Action                   |  1- 3 |  4- 6 || total
-------------------------+-------+-------++-------
Melee: Unarmed           |     1 |       ||     1
       Whip              |    47 |    46 ||    93
 Cast: Flame Tongue      |    58 |    70 ||   128
       Conjure Flame     |       |     1 ||     1
  Use: Scroll            |       |     8 ||     8
       Potion            |       |     4 ||     4
  Eat: Chunk             |     2 |     6 ||     8
       Bread ration      |       |     1 ||     1
Armor: Robe              |    13 |       ||    13
       Leather armour    |     9 |    21 ||    30
Dodge: Dodged            |    35 |    54 ||    89
